 Dungeon Crawl Stone Soup version 0.26-a0-649-gf8c6c3aab7 (webtiles) character file.

Game seed: 13129053185153276514

50601 Peloso the Peltast (level 14, -8/125 HPs)
             Began as a Minotaur Fighter on Sept 27, 2020.
             Was a High Priest of Okawaru.
             Mangled by a catoblepas (22 damage)
             ... on level 6 of the Lair of Beasts.
             The game lasted 00:56:52 (22356 turns).

Peloso the Peltast (Minotaur Fighter)              Turns: 22356, Time: 00:56:52

Health: -8/125     AC: 23    Str: 24    XL:     14   Next: 20%
Magic:  14/14      EV:  9    Int:  5    God:    Okawaru [*****.]
Gold:   1492       SH: 21    Dex: 14    Spells: 13/13 levels left

rFire    . . .     SeeInvis .   a - +2 demon blade (venom)
rCold    + . .     Faith    .   c - +0 tower shield {reflect}
rNeg     + . .     Spirit   .   Q - +2 chain mail {rC+}
rPois    .         Reflect  +   O - +0 hat "Naclo" {MR+}
rElec    .         Harm     .   u - scarf {repulsion}
rCorr    .         Rampage  .   S - +0 pair of gloves "Toczaz" {Dex+2 Stlth+} (curse)
MR       ++...                  o - +2 pair of boots
Stlth    ..........             (no amulet)
HPRegen  0.30/turn              q - +4 ring of protection
MPRegen  0.14/turn              z - ring of positive energy (curse)

@: lethally poisoned (-8 -> -10), repel missiles
A: retaliatory headbutt, horns 2
a: Heroism, Finesse, Renounce Religion


You were on level 6 of the Lair of Beasts.
You worshipped Okawaru.
Okawaru was extremely pleased with you.
You visited 3 branches of the dungeon, and saw 20 of its levels.
You also visited: Bailey.

You collected 1492 gold pieces.

Inventory:

Hand Weapons
 a - a +2 demon blade of venom (weapon)
 b - a +2 scimitar of flaming
 v - a +0 hand crossbow
 y - the +3 quick blade of Ogayxziy {drain, *Corrode Int+4 Dex+5}
   (Okawaru gifted it to you on level 4 of the Lair of Beasts)

   A truly terrible weapon, it drains the life of those it strikes.
   It affects your intelligence (+4).
   It affects your dexterity (+5).
   It may corrode you when you take damage.
Missiles
 e - 134 bolts
Armour
 c - a +0 tower shield of reflection (worn)
 o - a +2 pair of boots (worn)
 u - a scarf of repulsion (worn)
 O - the +0 hat "Naclo" (worn) {MR+}
   (Okawaru gifted it to you on level 11 of the Dungeon)

   It affects your resistance to hostile enchantments.
 Q - a +2 chain mail of cold resistance (worn)
 S - the cursed +0 pair of gloves "Toczaz" (worn) {Dex+2 Stlth+}
   (You found it on level 1 of the Lair of Beasts)

   It affects your dexterity (+2).
   It makes you more stealthy.
   It has a curse placed upon it.
Jewellery
 q - a +4 ring of protection (left hand)
 z - a cursed ring of positive energy (right hand)
 L - an uncursed ring of flight
 U - an uncursed ring of resist corrosion
Wands
 k - a wand of iceblast (5)
 w - a wand of random effects (28)
 B - a wand of disintegration (23)
Scrolls
 f - 3 scrolls of magic mapping
 g - a scroll of immolation
 h - 4 scrolls of identify
 m - 5 scrolls of remove curse
 n - a scroll of blinking
 A - 10 scrolls of teleportation
 G - a scroll of fear
 J - 3 scrolls of fog
 X - 3 scrolls of enchant armour {unknown}
Potions
 d - 4 potions of heal wounds
 i - a potion of ambrosia
 j - a potion of haste
 l - 3 potions of stabbing
 p - 5 potions of might
 r - a potion of mutation
 s - a potion of curing
 t - 2 potions of flight
 x - 2 potions of resistance
 E - 2 potions of berserk rage
 M - 2 potions of cancellation


   Skills:
 + Level 11.9 Fighting
 + Level 6.9(11.2) Short Blades
 + Level 14.7(15.3) Long Blades
 + Level 11.9 Armour
 + Level 4.7 Dodging
 + Level 2.3 Stealth
 + Level 16.8 Shields
 + Level 1.8 Invocations
 + Level 0.8 Evocations


You had 13 spell levels left.
You didn't know any spells.
Your spell library contained the following spells:

 Spells                   Type           Power        Failure   Level
 Corona                   Hex            #......      100%        1
 Foxfire                  Conj/Fire      #...         100%        1
 Freeze                   Ice            #...         100%        1
 Magic Dart               Conj           #...         100%        1
 Blink                    Tloc           N/A          100%        2
 Call Imp                 Summ           #.......     100%        2
 Ensorcelled Hibernation  Hex/Ice        #.....       100%        2
 Slow                     Hex            #.......     100%        2
 Confusing Touch          Hex            #.......     100%        3
 Conjure Flame            Conj/Fire      #.......     100%        3
 Dazzling Flash           Conj/Hex       #.....       100%        3
 Frozen Ramparts          Ice            #.....       100%        3
 Inner Flame              Hex/Fire       #.......     100%        3
 Mephitic Cloud           Conj/Pois/Air  #.......     100%        3
 Ozocubu's Armour         Ice            #.......     100%        3
 Tukima's Dance           Hex            #.......     100%        3
 Hailstorm                Conj/Ice       #.......     100%        4
 Sticky Flame             Conj/Fire      #.......     100%        4
 Summon Ice Beast         Ice/Summ       #.......     100%        4
 Bolt of Magma            Conj/Fire/Erth #.........   100%        5
 Fireball                 Conj/Fire      #.........   100%        5
 Iskenderun's Battlesphe  Conj           #.......     100%        5
 Iron Shot                Conj/Erth      #.........   100%        6
 Orb of Destruction       Conj           #.........   100%        7
 Spellforged Servitor     Conj/Summ      #.........   100%        7


Dungeon Overview and Level Annotations

Branches:
Dungeon (13/15)            Temple (1/1) D:5            Lair (6/6) D:10
 Shoals (0/4) Lair:4        Snake (0/4) Lair:2        Slime (0/5) Lair:5
    Orc (0/2) D:12         Bailey (visited)
 Vaults: D:13-14

Altars:
Ashenzari
Cheibriados
Dithmenos
Elyvilon
Fedhas
Gozag
Hepliaklqana
Kikubaaqudgha
Makhleb
Nemelex Xobeh
Okawaru
Qazlal
Ru
Sif Muna
Trog
Uskayaw
Vehumet
Wu Jian
Xom
Yredelemnul
Zin
The Shining One
Beogh
Jiyva

Shops:
D:5 [   D:6 :


Innate Abilities, Weirdness & Mutations

You reflexively headbutt those who attack you in melee.
You have a pair of horns on your head.


Message History

Unknown command.
Unknown command.
You slash the catoblepas!
The catoblepas looks as sick as possible!
You headbutt the catoblepas.
The catoblepas is heavily wounded.
You block the yak's attack. The catoblepas gores you!!
* * * LOW HITPOINT WARNING * * *
Unknown command.
You hit the catoblepas.
The catoblepas looks as sick as possible!
You headbutt the catoblepas.
The catoblepas is heavily wounded.
You feel sick.
You slash the catoblepas!
The catoblepas looks as sick as possible!
You headbutt the catoblepas.
The catoblepas is severely wounded.
You block the yak's attack. The catoblepas gores you!!
You die...

.8.< #.... #P #....
... ... #.$. ...
... ###..# ..###.#
#.(...##......#
#.....#.#.#.#.. .
#...#.Y.†.....+
....#.8...Y@..8...#
..#.#...#.#........
#...#...#.#.##.##.#
#......###. ..
#.#...#.# ###. #..
. #....##..... $
....#......<..#
.....8.<.8##(##
...P#.....#


You could see a catoblepas (extremely poisoned) and a yak.

Vanquished Creatures
  A war gargoyle (D:13)
  Azrael (D:13)
  4 hydras
  The ghost of thethe the Destroyer, a journeyman GnCj of Sif Muna (Lair:1)
  2 centaur warriors (D:13)
  2 two-headed ogres
  An ogre mage (D:13)
  A deep elf knight (D:13)
  Sonja (D:11)
  The ghost of zedlic the Grappler, a novice TrHu of Nemelex Xobeh (D:7)
  2 orc knights (D:13)
  2 ugly things (D:11)
  2 manticores
  A wolf spider (D:13)
  An oklob plant (D:10)
  A deep elf mage (D:13)
  A moth of wrath (Lair:1)
  A cyclops (D:11)
  9 elephants
  2 black mambas
  Maurice (D:13)
  Psyche (D:11)
  A gargoyle (D:12)
  12 cane toads
  2 centaur skeletons
  2 kobold demonologists (D:11)
  3 rime drakes
  6 komodo dragons
  2 tengu conjurers (D:13)
  4 trolls
  2 hornets
  A raiju (shapeshifter) (D:13)
  4 dream sheep (Lair:5)
  6 slime creatures (D:12)
  10 blink frogs
  6 hippogriffs
  Sigmund (D:2)
  4 wyverns
  4 basilisks
  4 fire elementals (D:13)
  20 yaks
  Grum (D:11)
  A hell hound (D:13)
  11 water moccasins
  10 porcupines
  4 sky beasts
  A black bear (D:12)
  14 orc warriors
  An eye of draining (D:10)
  6 ice beasts
  4 ogres
  3 phantoms
  7 wolves
  18 centaurs
  19 crocodiles
  8 big kobolds
  15 bullfrogs
  2 scorpions
  17 killer bees
  5 wights (D:11)
  4 howler monkeys
  2 quasits
  3 bullfrog zombies
  A centaur zombie (D:5)
  2 jellies
  2 hounds
  9 orc priests
  5 bullfrog skeletons
  6 orc wizards
  12 iguanas
  Ijyb (D:4)
  10 worker ants
  Natasha (thrice) (D:3)
  A hound zombie (D:5)
  3 hound skeletons
  A howler monkey zombie (D:5)
  5 gnolls
  A howler monkey skeleton (D:4)
  20 adders
  5 white imps
  3 ufetubi
  An ooze (D:2)
  3 adder zombies
  An adder skeleton (D:9)
  3 worms
  13 leopard geckos
  69 orcs
  6 giant cockroaches
  11 goblins
  9 hobgoblins
  4 jackals
  5 quokkas
  7 bats
  12 frilled lizards
  A jackal skeleton (D:6)
  29 kobolds
  A leopard gecko skeleton (D:4)
  A leopard gecko zombie (D:3)
  9 rats
564 creatures vanquished.

Vanquished Creatures (others)
  A yak (D:13)
  A goblin (D:13)
  6 fungi
  11 plants
19 creatures vanquished.

Grand Total: 583 creatures vanquished

Notes
Turn   | Place    | Note
-------+----------+-------------------------------------------
     0 | D:1      | Peloso the Minotaur Fighter began the quest for the Orb.
     0 | D:1      | Reached XP level 1. HP: 19/19 MP: 0/0
   394 | D:1      | Reached XP level 2. HP: 27/27 MP: 1/1
   865 | D:2      | Reached XP level 3. HP: 30/33 MP: 2/2
   996 | D:2      | Reached skill level 4 in Shields
  1166 | D:2      | Noticed Sigmund
  1203 | D:2      | Killed Sigmund
  1203 | D:2      | Reached skill level 5 in Armour
  1203 | D:2      | Reached skill level 1 in Dodging
  1203 | D:2      | Reached XP level 4. HP: 15/41 MP: 3/3
  1203 | D:2      | Reached XP level 5. HP: 17/47 MP: 4/4
  1729 | D:2      | Found a snail-covered altar of Cheibriados.
  2211 | D:3      | Reached XP level 6. HP: 53/55 MP: 5/5
  2212 | D:3      | Reached skill level 5 in Long Blades
  2298 | D:3      | Noticed Natasha
  2312 | D:3      | Killed Natasha
  2577 | D:3      | Noticed Natasha
  2592 | D:3      | Killed Natasha
  2869 | D:3      | Reached skill level 5 in Fighting
  2869 | D:3      | Reached skill level 5 in Shields
  2936 | D:3      | Noticed Natasha
  2946 | D:3      | Killed Natasha
  3239 | D:4      | Reached XP level 7. HP: 59/61 MP: 6/6
  3505 | D:4      | Reached skill level 6 in Shields
  3535 | D:4      | Noticed Ijyb
  3543 | D:4      | Killed Ijyb
  4087 | D:5      | Entered Level 5 of the Dungeon
  4155 | D:5      | Found Cimoapao's Antique Armour Emporium.
  4192 | D:5      | Reached XP level 8. HP: 68/68 MP: 7/7
  4274 | D:5      | Reached skill level 7 in Shields
  4585 | D:5      | Found a staircase to the Ecumenical Temple.
  4633 | D:5      | Reached skill level 1 in Short Blades
  4655 | Temple   | Entered the Ecumenical Temple
  4836 | Temple   | Became a worshipper of Warmaster Okawaru
  5447 | D:6      | Found Adogow's Book Shoppe.
  5496 | D:6      | Reached skill level 8 in Shields
  6009 | D:7      | Reached * piety under Okawaru
  6040 | D:7      | Reached XP level 9. HP: 67/75 MP: 8/8
  6128 | D:7      | Noticed zedlic's ghost (novice TrHu)
  6131 | D:7      | Found a transporter.
  6140 | D:7      | Found a transporter.
  6396 | D:7      | Reached skill level 5 in Short Blades
  6497 | D:7      | Reached skill level 9 in Shields
  6805 | D:7      | Reached ** piety under Okawaru
  6957 | D:7      | Noticed a manticore
  6991 | D:7      | Killed a manticore
  7599 | D:8      | Noticed a two-headed ogre
  7612 | D:8      | Killed a two-headed ogre
  7751 | D:8      | Reached *** piety under Okawaru
  7751 | D:8      | Reached XP level 10. HP: 84/84 MP: 9/9
  8279 | D:9      | Reached skill level 10 in Shields
  8814 | D:10     | Entered Level 10 of the Dungeon
  8839 | D:10     | Noticed a two-headed ogre
  8851 | D:10     | Killed a two-headed ogre
  8851 | D:10     | Reached **** piety under Okawaru
  9282 | D:10     | Noticed an oklob plant
  9287 | D:10     | Found a staircase to the Lair.
  9372 | D:10     | Reached skill level 11 in Shields
  9699 | D:10     | Found a roughly hewn altar of Beogh.
  9862 | D:10     | Reached ***** piety under Okawaru
 10250 | D:11     | Noticed Psyche
 10281 | D:11     | Killed Psyche
 10356 | D:11     | Noticed a cyclops
 10360 | D:11     | Noticed a cyan ugly thing
 10361 | D:11     | Killed a cyclops
 10361 | D:11     | Received a gift from Okawaru
 10361 | D:11     | Reached skill level 1 in Stealth
 10372 | D:11     | Killed a cyan ugly thing
 10372 | D:11     | Reached XP level 11. HP: 89/94 MP: 7/10
 10374 | D:11     | Got a distressingly furry hat {god gift}
 10380 | D:11     | Identified the +0 hat "Naclo" {MR+} (Okawaru gifted it to
                  | you on level 11 of the Dungeon)
 10455 | D:11     | Noticed Sonja
 10456 | D:11     | Noticed Grum
 10481 | D:10     | Reached skill level 12 in Shields
 10723 | D:11     | Killed Grum
 10750 | D:11     | Killed Sonja
 10820 | D:11     | Reached skill level 10 in Long Blades
 10868 | D:11     | Found a blossoming altar of Fedhas.
 10991 | D:11     | Noticed a cyan ugly thing
 11004 | D:11     | Killed a cyan ugly thing
 11182 | D:11     | Paralysed by a hornet for 1 turns
 11420 | D:12     | Reached skill level 13 in Shields
 11746 | D:12     | Found a staircase to the Orcish Mines.
 12398 | D:12     | Received a gift from Okawaru
 12398 | D:12     | Reached skill level 10 in Armour
 12949 | D:10     | Killed an oklob plant
 12949 | D:10     | Reached XP level 12. HP: 94/105 MP: 9/11
 12971 | Lair:1   | Entered Level 1 of the Lair of Beasts
 13265 | Lair:1   | Found a transporter.
 13267 | Lair:1   | Noticed thethe's ghost (journeyman GnCj)
 13293 | Lair:1   | Found a transporter.
 13454 | Lair:1   | Reached skill level 14 in Shields
 13898 | Lair:1   | Noticed a six-headed hydra
 14093 | D:7      | Killed zedlic's ghost
 14398 | D:13     | Noticed a centaur warrior
 14412 | D:13     | Reached skill level 10 in Fighting
 14427 | D:13     | Reached skill level 1 in Invocations
 14433 | D:13     | Killed a centaur warrior
 14448 | D:13     | Noticed Azrael
 14456 | D:13     | Killed Azrael
 14462 | D:13     | Received a gift from Okawaru
 14512 | D:13     | Got a crude hat {god gift}
 14523 | D:13     | Identified the +0 hat of Ipekauth {Str+2} (Okawaru gifted
                  | it to you on level 13 of the Dungeon)
 14549 | D:13     | Noticed Maurice
 14566 | D:13     | Found a flagged portal.
 14572 | Bailey   | Entered a bailey
 15114 | Bailey   | Reached skill level 15 in Shields
 15480 | D:13     | Killed Maurice
 15820 | D:13     | Reached XP level 13. HP: 104/114 MP: 13/13
 15838 | D:13     | Noticed a war gargoyle
 15846 | D:13     | Killed a war gargoyle
 15869 | D:13     | Got a buzzing glaive
 16264 | D:13     | Identified the +11 glaive "Banisher" {vorpal, rElec rC-
                  | Int+9 Dex-3} (You found it on level 13 of the Dungeon)
 17201 | Lair:1   | Killed thethe's ghost
 17734 | Lair:1   | Got a pair of warped gloves
 17740 | Lair:1   | Identified the cursed +0 pair of gloves "Toczaz" {Dex+2
                  | Stlth+} (You found it on level 1 of the Lair of Beasts)
 18077 | Lair:2   | Found a staircase to the Snake Pit.
 18188 | Lair:2   | Received a gift from Okawaru
 19110 | Lair:3   | Reached skill level 16 in Shields
 20715 | Lair:4   | Received a gift from Okawaru
 20737 | Lair:4   | Got a polished quick blade {god gift}
 20738 | Lair:4   | Identified the +3 quick blade of Ogayxziy {drain, *Corrode
                  | Int+4 Dex+5} (Okawaru gifted it to you on level 4 of the
                  | Lair of Beasts)
 21006 | Lair:4   | Found a staircase to the Shoals.
 21086 | Lair:4   | Reached XP level 14. HP: 123/124 MP: 14/14
 21806 | Lair:5   | Found a staircase to the Slime Pits.
 21806 | Lair:5   | Found a viscous altar of Jiyva.
 22318 | Lair:6   | Entered Level 6 of the Lair of Beasts
 22356 | Lair:6   | Mangled by a catoblepas

Illustrated notes

Levels and vault maps discovered:
D:1:      mushboom_english_gardens, layout_loops_ring
D:2:      layout_basic, overflow_temple_1_default, minmay_pentomino_v4,
          uniq_sigmund
D:3:      cheibrodos_thug_alley, layout_basic, uniq_natasha
D:4:      layout_rooms, amethyst_killhole, uniq_ijyb
D:5:      layout_layer_cave, minmay_temple_entry_statues_pillars, serial_shops,
          shop
D:6:      layout_rooms, serial_shops, shop, nicolae_underground_beach
D:7:      layout_basic, gammafunk_ghost_arena
D:8:      layout_rooms
D:9:      layout_irregular_city, lightli_fourway_metalbox
D:10:     layout_gridville, dpeg_oklobed_lair, special_room [special_room_orc],
          chequers_jeans
D:11:     layout_cave_pools, basic_altar, uniq_grum, uniq_sonja, uniq_psyche
D:12:     layout_roguey, orc_0_dummy, serial_rivers,
          chequers_serial_rivers_marsh, chequers_serial_rivers_room_b,
          chequers_serial_rivers_marsh, chequers_serial_rivers_marsh
D:13:     layout_irregular_city, enter_bailey_3, minmay_evil_grid, uniq_maurice,
          uniq_azrael
Temple:   regret_index_temple_sigil_plot
Lair:1:   lemuel_reptile_caves, layout_regular_city,
          gammafunk_ghost_berserking_beasts
Lair:2:   layout_loops_ring, guppyfry_snake_entry_island, grunt_megastairs_4
Lair:3:   layout_cave_pods
Lair:4:   layout_concentric_octagons, elwin_shoals_entry_rocks,
          grunt_forest_small_clearings
Lair:5:   layout_long_grid, slime_altar_1, chequers_serial_rivers_micro_d,
          infiniplex_staircase_pool_2, lemuel_fruit_tree
Lair:6:   evil_forest, layout_layer_cave, grunt_megastairs_1

Skill      XL: |  1  2  3  4  5  6  7  8  9 10 11 12 13 |
---------------+----------------------------------------+-----
Fighting       | 4 5 6 8 9 10 11 | 11.9
Armour         | 4 5 6 7 8 9 10 11 | 11.9
Long Blades    | 4 6 7 9 11 13 14 | 14.7
Shields        | 4 5 6 8 9 11 13 15 16 | 16.8
Dodging        | 1 2 3 4 |  4.7
Short Blades   | 3 6 |  6.9
Stealth        | 1 2 |  2.3
Invocations    | 1 |  1.8
Evocations     | |  0.8

Action                   |  1- 3 |  4- 6 |  7- 9 | 10-12 | 13-15 || total
-------------------------+-------+-------+-------+-------+-------++-------
Melee: Long sword        |    92 |   178 |   123 |   411 |       ||   804
       Headbutt          |    12 |    27 |   112 |   243 |   143 ||   537
       Short sword       |       |       |   353 |       |       ||   353
       Scimitar          |       |       |       |   612 |   142 ||   754
       Demon blade       |       |       |       |       |   327 ||   327
Invok: Heroism           |       |       |     2 |    13 |     3 ||    18
Evoke: Wand              |       |       |     2 |     8 |       ||    10
  Use: Potion            |     5 |       |       |     4 |     1 ||    10
       Scroll            |     4 |       |     3 |    11 |    12 ||    30
 Stab: Paralysed         |       |       |       |     3 |       ||     3
Armor: Chain mail        |     7 |       |       |   185 |   165 ||   357
       Scale mail        |     7 |       |       |       |       ||     7
       Plate armour      |    45 |   121 |   227 |   208 |       ||   601
Dodge: Dodged            |    15 |    21 |    77 |   238 |    88 ||   439
       Repelled          |       |       |     3 |     4 |       ||     7
Block: Kite shield       |    50 |    98 |   210 |   366 |       ||   724
       Reflection        |       |       |       |    31 |     1 ||    32
       Tower shield      |       |       |       |   723 |   432 ||  1155
       Rpst.: Long sword |     3 |     5 |     4 |    31 |       ||    43
       Scimitar          |       |       |       |    31 |     7 ||    38
       Demon blade       |       |       |       |       |    13 ||    13

Table legend: (Time is in decaauts)
 A = Elapsed time spent in this place.
 B = Non-inter-level travel time spent in this place.
 C = Inter-level travel time spent in this place.
 D = Time resting spent in this place.
 E = Time spent auto-exploring this place.
 F = Levels seen in this place.
 G = Mean time per level.
                   A        B        C        D        E       F      G
               +--------+--------+--------+--------+--------+-----+--------+
         Total |  22098 |  21214 |    884 |   1495 |  13986 |  21 | 1052.3 |
       Dungeon |  14345 |  13638 |    707 |    664 |   9371 |  13 | 1103.5 |
        Temple |    205 |    205 |      0 |      0 |    175 |   1 |  205.0 |
          Lair |   6668 |   6492 |    176 |    626 |   4412 |   6 | 1111.3 |
        Bailey |    878 |    878 |      0 |    205 |     27 |   1 |  878.0 |
               +--------+--------+--------+--------+--------+-----+--------+

Top non-repeatable levels by time:
  Lair:1: 2506 daAuts
    D:10: 1845 daAuts
     D:7: 1762 daAuts
    D:12: 1671 daAuts
     D:2: 1352 daAuts
  Lair:4: 1323 daAuts
     D:3: 1192 daAuts
     D:5: 1079 daAuts
    D:13: 1063 daAuts
  Lair:5: 1008 daAuts
  Lair:3: 980 daAuts
  Bailey: 878 daAuts
    D:11: 875 daAuts
     D:9: 862 daAuts
     D:1: 840 daAuts
